 Dungeon Crawl Stone Soup version 0.26-a0-639-g72c4674329 (webtiles) character file.

Game seed: 4522259837158795696

21725 Lanoc the Magus (level 12, -7/95 HPs)
             Began as a Demonspawn Wanderer on Sept 21, 2020.
             Was an Elder of Nemelex Xobeh.
             Killed from afar by Frances (38 damage)
             ... with an iron shot
             ... on level 12 of the Dungeon.
             The game lasted 00:26:12 (15534 turns).

Lanoc the Magus (Demonspawn Wanderer)              Turns: 15534, Time: 00:26:12

Health: -7/95      AC:  7    Str: 15      XL:     12   Next: 56%
Magic:  22/22      EV: 18    Int: 12 (14) God:    Nemelex Xobeh [****..]
Gold:   1588       SH:  5    Dex: 25      Spells: 11/11 levels left

rFire    + + .     SeeInvis +     - Unarmed
rCold    . . .     Faith    .   (no shield)
rNeg     . . .     Spirit   .   i - +0 acid dragon scales
rPois    .         Reflect  +   (no helmet)
rElec    .         Harm     .   o - +0 cloak
rCorr    +         Rampage  .   (gloves unavailable)
MR       .....     Clarity  +   (no boots)
Stlth    +++++.....             A - amulet of reflection
HPRegen  0.25/turn              x - ring of protection from fire
MPRegen  0.18/turn              E - ring of see invisible

@: heavily drained
A: claws 3, thin skeletal structure 3, clarity, clever 1, demonic guardian 1,
fire resistance 1, spiny 2, strong 1
a: Draw Escape, Draw Destruction, Draw Summoning, Triple Draw, Deal Four,
Renounce Religion


You were on level 12 of the Dungeon.
You worshipped Nemelex Xobeh.
Nemelex Xobeh was greatly pleased with you.
You visited 2 branches of the dungeon, and saw 13 of its levels.
You also visited: Bailey.

You collected 1588 gold pieces.

Inventory:

Hand Weapons
 b - a +0 demon blade of flaming
Missiles
 G - a throwing net (quivered)
 J - 6 curare-tipped darts
Armour
 i - +0 acid dragon scales (worn)
 o - a +0 cloak (worn)
Jewellery
 x - a ring of protection from fire (left claw)
 A - an amulet of reflection (around neck)
 E - a ring of see invisible (right claw)
Wands
 c - a wand of disintegration (13)
 d - a wand of enslavement (9)
 r - a wand of random effects (37)
 s - a wand of flame (19)
 C - a wand of iceblast (18)
 H - a wand of acid (11)
Scrolls
 e - 4 scrolls of teleportation
 g - 3 scrolls of blinking
 h - 7 scrolls of enchant weapon
 j - 4 scrolls of enchant armour
 k - 11 scrolls of identify
 n - 4 scrolls of fog
 q - a scroll of summoning
 u - a scroll of remove curse
 y - a scroll of magic mapping
 z - a scroll of brand weapon
 B - 2 scrolls of amnesia
Potions
 a - 2 potions of haste
 f - 2 potions of berserk rage
 l - 2 potions of curing
 m - a potion of mutation
 t - 3 potions of brilliance
 v - 2 potions of lignification
 w - a potion of heal wounds
 D - a potion of resistance


   Skills:
 + Level 9.2(7.8) Fighting
   Level 1.7(0.5) Maces & Flails
 - Level 1.0(0.0) Throwing
 - Level 1.0(0.0) Armour
 + Level 8.8(7.3) Dodging
   Level 1.0(0.0) Shields
 * Level 12.0(10.4) Unarmed Combat
 * Level 13.4(11.8) Invocations


You had 11 spell levels left.
You didn't know any spells.
Your spell library contained the following spells:

 Spells                   Type           Power        Failure   Level
 Corona                   Hex            #......      43%         1
 Sandblast                Erth           #.....       43%         1
 Sting                    Tmut/Pois      #...         43%         1
 Ensorcelled Hibernation  Hex/Ice        #.....       56%         2
 Passwall                 Tmut/Erth      #.......     56%         2
 Poisonous Vapours        Pois/Air       #.....       56%         2
 Confusing Touch          Hex            #.......     80%         3
 Dazzling Flash           Conj/Hex       #.....       80%         3
 Stone Arrow              Conj/Erth      #.....       80%         3
 Tukima's Dance           Hex            #.......     80%         3
 Cause Fear               Hex            #.........   99%         4
 Olgreb's Toxic Radiance  Pois           #.......     99%         4
 Petrify                  Tmut/Erth      #.......     99%         4
 Lee's Rapid Deconstruct  Erth           #.........   100%        5
 Silence                  Hex/Air        #.........   100%        5
 Yara's Violent Unravell  Hex/Tmut       #.........   100%        5
 Discord                  Hex            #.........   100%        8


Dungeon Overview and Level Annotations

Branches:
Dungeon (12/15)            Temple (1/1) D:5            Lair (0/6) D:9
    Orc (0/2) D:10         Bailey (visited)

Altars:
Ashenzari
Cheibriados
Elyvilon
Fedhas
Gozag
Hepliaklqana
Nemelex Xobeh
Okawaru
Qazlal
Ru
Sif Muna
Uskayaw
Vehumet
Wu Jian
Xom
Yredelemnul
Zin

Shops:
D:5 !}   D:9 :

Annotations:
D:4 4 runed translucent doors, Crazy Yiuf; HoaS's ghost, novice FoFi
D:6 1 runed translucent door, Inarius's ghost, novice TrCK
D:12 Frances


Innate Abilities, Weirdness & Mutations

You have claws for hands.
You have an unnaturally thin skeletal structure. (Dex +6, Stealth++)
A weak demonic guardian rushes to your aid.
You are mostly covered in sharp spines.
You possess an exceptional clarity of mind.
Your mind is acute. (Int +2)
Your flesh is heat resistant. (rF+)
Your muscles are strong. (Str +2)


Message History

The iron shot hits your neqoxec!!!
Your neqoxec dies!
Your quasit disappears in a puff of smoke!
Your ufetubus disappears in a puff of smoke!
Your shadow imp disappears in a puff of smoke! x2
You hear a chilling moan.
You hear a shout!
You draw a card...
You have drawn the Dance.
You swap places.
The insubstantial wisp blinks!
Frances whispers indecipherable words.
Frances chants phrases taken from a devil's mouth.
The iron shot hits your ufetubus!!!
Your ufetubus dies!
The neqoxec gestures at you.
You feel dopey. Something feeds on your intellect!
Your -1 hand axe hits Frances but does no damage.
Frances whispers indecipherable words.
The iron shot misses your -1 hand axe.
The iron shot hits you!!!
You die...
Your body glows slightly and disappears.

######## #......#
### #..<...# ##..
## #......# ##...
.# #......# #....
.# #......####
#.... .#
#.........#######
#.... .#
#.)....##@..(@.3#
#.... .##
#......########4#
#.... ..##
#......# #.####
##... #..#
#......#
#3##.#####.. ##.#
#####.##
##y..#..#####
#.## #.#
###.v#.4§#.....
#..### #.#
##..#.§§#.3.#..#
##...## #.#
#.#...#.@.#...#.
###..# #.#
#...#...#v..#...


You could see Frances (fast), an orange demon (summoned), a neqoxec (summoned)
and a friendly -1 hand axe (summoned).

Vanquished Creatures
  2 entropy weavers (D:11)
  2 ghost crabs (D:11)
  A satyr (D:11)
  Erica (D:8)
  2 two-headed ogres
  Sonja (D:10)
  5 fire crabs (D:11)
  A manticore (D:12)
  A cyclops (D:6)
  Psyche (D:8)
  Maggie (D:9)
  A kobold demonologist (D:8)
  2 trolls (D:11)
  A jumping spider (D:11)
  Prince Ribbit (D:6)
  3 hippogriffs
  A wraith (D:12)
  A wyvern (D:8)
  11 yaks (D:11)
  A human (D:10)
  A steam dragon (D:8)
  2 acid dragons (D:11)
  Edmund (D:3)
  A soldier ant (D:11)
  An ice beast (D:7)
  3 sky beasts
  6 phantoms
  7 orc warriors
  An eye of draining (D:10)
  2 necrophages
  3 black bears
  10 ogres
  4 centaurs
  3 big kobolds
  13 bullfrogs
  A wyvern skeleton (D:8)
  2 scorpions
  3 killer bees (D:11)
  9 wights
  5 howler monkeys
  2 electric eels (D:3)
  A centaur zombie (D:11)
  6 hounds
  A bullfrog zombie (D:6)
  4 jellies
  9 orc priests
  A bullfrog skeleton (D:4)
  A gnoll shaman (D:8)
  2 iguanas
  13 orc wizards
  9 worker ants
  A killer bee zombie (D:5)
  A hound zombie (D:10)
  A howler monkey skeleton (D:5)
  4 gnolls (D:5)
  12 adders
  2 shadow imps (D:5)
  2 white imps
  2 oozes
  3 ufetubi
  An adder zombie (D:6)
  An adder skeleton (D:4)
  4 worms
  4 dart slugs
  5 leopard geckos
  48 orcs
  A ball python (D:3)
  3 giant cockroaches
  5 goblins
  5 hobgoblins
  13 jackals
  22 kobolds
  4 quokkas
  3 bats
  3 frilled lizards
  A giant cockroach zombie (D:5)
  3 quokka skeletons
  3 rats
324 creatures vanquished.

Vanquished Creatures (collateral kills)
  2 yaks (D:11)
  2 orc warriors
  A bullfrog (D:8)
  A wight (D:7)
  A hound (D:7)
  An orc wizard (D:8)
  A worker ant (D:7)
  2 orcs
  2 kobolds (Bailey)
  A quokka (D:8)
  A quokka skeleton (D:9)
15 creatures vanquished.

Vanquished Creatures (others)
  3 plants
3 creatures vanquished.

Grand Total: 342 creatures vanquished

Notes
Turn   | Place    | Note
-------+----------+-------------------------------------------
     0 | D:1      | Lanoc the Demonspawn Wanderer began the quest for the Orb.
     0 | D:1      | Lanoc set off with the following items: a +0 short sword, 2
                  | throwing nets, a +0 leather armour, a +0 mace
     0 | D:1      | Reached XP level 1. HP: 13/13 MP: 1/1
   360 | D:1      | Reached skill level 1 in Fighting
   370 | D:1      | Gained mutation: You have sharp fingernails. [demonic
                  | ancestry]
   370 | D:1      | Reached XP level 2. HP: 11/21 MP: 2/2
   872 | D:2      | Gained mutation: You are partially covered in sharp spines.
                  | [demonic ancestry]
   872 | D:2      | Reached XP level 3. HP: 12/26 MP: 3/3
  1493 | D:3      | Found a transporter.
  1525 | D:3      | Gained mutation: You have very sharp fingernails. [demonic
                  | ancestry]
  1525 | D:3      | Reached XP level 4. HP: 29/33 MP: 4/4
  1662 | D:3      | Found a transporter.
  1738 | D:3      | Found a sparkling altar of Nemelex Xobeh.
  1795 | D:3      | Gained mutation: You have a somewhat thin skeletal
                  | structure. (Dex +2, Stealth) [demonic ancestry]
  1795 | D:3      | Reached XP level 5. HP: 23/39 MP: 5/5
  1828 | D:4      | Noticed Edmund
  1854 | D:3      | Killed Edmund
  1854 | D:3      | Gained mutation: You have claws for hands. [demonic
                  | ancestry]
  1854 | D:3      | Reached XP level 6. HP: 47/47 MP: 6/6
  1912 | D:4      | Found a white marble altar of Elyvilon.
  1916 | D:4      | Found a sparkling altar of Nemelex Xobeh.
  2194 | D:4      | Reached skill level 5 in Unarmed Combat
  2335 | D:4      | Gained mutation: You have a moderately thin skeletal
                  | structure. (Dex +4, Stealth+) [demonic ancestry]
  2335 | D:4      | Reached XP level 7. HP: 45/53 MP: 7/7
  2576 | D:4      | Found a hazy altar of Hepliaklqana.
  3134 | D:4      | Found a runed translucent gate.
  3134 | D:4      | Noticed HoaS's ghost (novice FoFi)
  3135 | D:4      | Found a runed translucent gate.
  3136 | D:4      | Found a runed translucent gate.
  3313 | D:4      | Found a runed translucent door.
  3314 | D:4      | Noticed Crazy Yiuf
  3367 | D:5      | Entered Level 5 of the Dungeon
  3616 | D:5      | Reached XP level 8. HP: 35/61 MP: 8/8
  3851 | D:5      | Found Jithyset's Gadget Shoppe.
  3875 | D:5      | Reached skill level 5 in Dodging
  3939 | D:5      | Reached skill level 5 in Fighting
  4120 | D:5      | Found a blossoming altar of Fedhas.
  4195 | D:5      | Found a staircase to the Ecumenical Temple.
  4207 | Temple   | Entered the Ecumenical Temple
  4457 | D:3      | Became a worshipper of Nemelex Xobeh the Trickster
  4592 | D:5      | Found an opulent altar of Gozag.
  4629 | D:5      | Found an ornate altar of the Wu Jian Council.
  4679 | D:5      | Found Ipseunux's Distillery.
  4684 | D:5      | Received a gift from Nemelex Xobeh
  4918 | D:6      | Reached skill level 1 in Invocations
  4944 | D:6      | Found a runed translucent door.
  4947 | D:6      | Noticed Inarius's ghost (novice TrCK)
  4975 | D:6      | Reached skill level 2 in Invocations
  5025 | D:6      | Reached skill level 3 in Invocations
  5175 | D:6      | Noticed Prince Ribbit
  5193 | D:6      | Killed Prince Ribbit
  5193 | D:6      | Gained mutation: A weak demonic guardian rushes to your
                  | aid. [demonic ancestry]
  5193 | D:6      | Reached XP level 9. HP: 35/69 MP: 11/11
  5500 | D:6      | Reached skill level 4 in Invocations
  5568 | D:6      | Noticed a cyclops
  5579 | D:6      | Killed a cyclops
  5579 | D:6      | Reached skill level 5 in Invocations
  5744 | D:6      | Found an iron altar of Okawaru.
  5955 | D:7      | Reached * piety under Nemelex Xobeh
  5977 | D:7      | Found a flagged portal.
  5986 | Bailey   | Entered a bailey
  6131 | Bailey   | Found an iron altar of Okawaru.
  6153 | Bailey   | Got a fine hand axe
  6153 | Bailey   | Identified the +5 hand axe "Livo" {vorpal, *Contam +Inv
                  | rElec} (You found it in a bailey)
  6168 | Bailey   | Gained mutation: Armour fits poorly on your strangely
                  | shaped body. [mutagenic glow]
  6288 | D:7      | Reached skill level 6 in Invocations
  6661 | D:7      | Reached skill level 7 in Invocations
  6669 | D:7      | Got a bloodstained hunting sling
  6669 | D:7      | Identified the +2 hunting sling "Giantbane" {flame, rC+++
                  | Str-2 Dex-4 SInv} (You found it on level 7 of the Dungeon)
  7161 | D:7      | Gained mutation: You have an unnaturally thin skeletal
                  | structure. (Dex +6, Stealth++) [demonic ancestry]
  7161 | D:7      | Reached XP level 10. HP: 54/76 MP: 15/15
  7317 | D:8      | Received a gift from Nemelex Xobeh
  7603 | D:8      | Noticed Erica
  7615 | D:8      | Killed Erica
  7615 | D:8      | Reached skill level 8 in Invocations
  8012 | D:8      | Noticed Psyche
  8020 | D:8      | Killed Psyche
  8495 | D:8      | Received a gift from Nemelex Xobeh
  8679 | D:8      | Reached skill level 9 in Invocations
  8695 | D:8      | Noticed a two-headed ogre
  8699 | D:8      | Killed a two-headed ogre
  8889 | D:8      | Identified Sif Muna's Collected Works on Cankerous Stones
  8924 | D:8      | Reached skill level 10 in Unarmed Combat
  9245 | D:9      | Found a sacrificial altar of Ru.
  9246 | D:9      | Reached ** piety under Nemelex Xobeh
  9275 | D:9      | Found a staircase to the Lair.
  9285 | D:9      | Reached skill level 10 in Invocations
  9285 | D:9      | Reached XP level 11. HP: 84/84 MP: 18/18
  9293 | D:9      | Found Coakeece's Book Emporium.
  9606 | D:9      | Received a gift from Nemelex Xobeh
  9663 | D:9      | Noticed Maggie
  9674 | D:9      | Killed Maggie
 10268 | D:10     | Entered Level 10 of the Dungeon
 10268 | D:10     | Reached *** piety under Nemelex Xobeh
 10273 | D:10     | Found a staircase to the Orcish Mines.
 10774 | D:10     | Received a gift from Nemelex Xobeh
 10788 | D:10     | Noticed Sonja
 10797 | D:10     | Killed Sonja
 10920 | D:10     | Lost mutation: Armour fits poorly on your strangely shaped
                  | body. [potion of mutation]
 10920 | D:10     | Gained mutation: Your body sometimes deteriorates upon
                  | taking damage. [potion of mutation]
 10920 | D:10     | Gained mutation: Your muscles are strong. (Str +2) [potion
                  | of mutation]
 10921 | D:10     | Lost mutation: Your muscles are strong. (Str +2) [potion of
                  | mutation]
 10921 | D:10     | Lost mutation: Your body sometimes deteriorates upon taking
                  | damage. [potion of mutation]
 10921 | D:10     | Gained mutation: Your mind is acute. (Int +2) [potion of
                  | mutation]
 10921 | D:10     | Gained mutation: You possess an exceptional clarity of
                  | mind. [potion of mutation]
 10921 | D:10     | Gained mutation: Your muscles are strong. (Str +2) [potion
                  | of mutation]
 10921 | D:10     | Gained mutation: Your flesh is heat resistant. (rF+)
                  | [potion of mutation]
 11041 | D:10     | Received a gift from Nemelex Xobeh
 11666 | D:11     | Noticed a two-headed ogre
 11676 | D:11     | Reached skill level 11 in Invocations
 12024 | D:11     | Killed a two-headed ogre
 12281 | D:11     | Received a gift from Nemelex Xobeh
 12422 | D:11     | Reached **** piety under Nemelex Xobeh
 13193 | D:11     | Found a runed translucent door.
 13202 | D:11     | Noticed a fire crab
 13215 | D:11     | Killed a fire crab
 13215 | D:11     | Reached skill level 12 in Invocations
 13226 | D:11     | Noticed a fire crab
 13232 | D:11     | Killed a fire crab
 13233 | D:11     | Noticed an entropy weaver
 13326 | D:11     | Noticed a fire crab
 13328 | D:11     | Noticed a spark wasp
 13328 | D:11     | an entropy weaver changed into a spark wasp
 13337 | D:11     | a spark wasp changed into a jumping spider
 13337 | D:11     | a fire crab changed into a troll
 13344 | D:11     | Gained mutation: You are mostly covered in sharp spines.
                  | [demonic ancestry]
 13344 | D:11     | Reached XP level 12. HP: 52/94 MP: 21/21
 13520 | D:11     | Noticed an entropy weaver
 13529 | D:11     | Killed an entropy weaver
 13787 | D:11     | Noticed an entropy weaver
 13789 | D:11     | Noticed a satyr
 13789 | D:11     | an entropy weaver changed into a satyr
 13792 | D:11     | Received a gift from Nemelex Xobeh
 13793 | D:11     | Killed a satyr
 13802 | D:11     | Noticed a ghost crab
 14240 | D:11     | Killed a ghost crab
 14240 | D:11     | Reached skill level 13 in Invocations
 14280 | D:11     | Noticed an entropy weaver
 14280 | D:11     | Noticed a ghost crab
 14299 | D:11     | Killed an entropy weaver
 14433 | D:11     | Killed a ghost crab
 14442 | D:11     | Noticed a ghost crab
 15044 | D:12     | Noticed Frances
 15534 | D:12     | Killed from afar by Frances

Illustrated notes

Levels and vault maps discovered:
D:1:      scummos_arrival_hexagon, layout_basic
D:2:      layout_rooms, makhleb_grotto_becter,
          chequers_temple_overflow_minitemple, uniq_terence
D:3:      gammafunk_steamed_eel, layout_rooms, nemelex_diamond_rough_becter
D:4:      layout_cave_pools, lemuel_doored_altar,
          nemelex_xobeh_ov_fountains_minmay, lemuel_crystal_altar,
          gammafunk_ghost_necromancy, uniq_crazy_yiuf_cottage, uniq_edmund
D:5:      layout_basic, lemuel_round_altar, fedhas_bush_and_centaur_altar,
          kennysheep_mini, minmay_temple_entry_mist, serial_shops, shop,
          shop_fountains, corexii_shack
D:6:      layout_rooms, kennysheep_okawaru_gauntlet,
          hellmonk_ghost_happy_afterlife, lightli_orcish_oven,
          uniq_prince_ribbit1
D:7:      layout_cave_pools, enter_bailey_6
D:8:      kennysheep_windowed_halls, layout_basic, uniq_psyche, uniq_erica
D:9:      layout_irregular_city, lair_entry_dummy, serial_shops, shop,
          nicolae_ru_awakened_eye, uniq_maggie
D:10:     layout_stronghold, erik_orc_4, uniq_sonja
D:11:     gammafunk_mikee_crab_dinner, layout_loops_cross
D:12:     layout_rooms, enter_trove_6, hex_tiny, hex_medium, uniq_frances
Temple:   nicolae_temple_figure_zero

Skill      XL: |  1  2  3  4  5  6  7  8  9 10 11 12 |
---------------+-------------------------------------+-----
Dodging        | 2 3 4 5 6 7 8 |  8.8
Fighting       | 1 2 3 4 5 6 7 8 9 |  9.2
Unarmed Combat | 3 4 5 6 7 8 10 11 12 | 12.0
Invocations    | 3 7 10 12 13 | 13.4
Maces & Flails | |  1.7
Throwing       | |  1.0
Armour         | |  1.0
Shields        | |  1.0

Action                   |  1- 3 |  4- 6 |  7- 9 | 10-12 || total
-------------------------+-------+-------+-------+-------++-------
Melee: Dagger            |   101 |     3 |       |       ||   104
       Short sword       |     9 |       |       |       ||     9
       Punch             |     2 |       |    10 |    31 ||    43
       Unarmed           |       |    45 |   239 |   431 ||   715
Throw: Throwing net      |       |     1 |       |       ||     1
Invok: Draw Escape       |       |       |       |     7 ||     7
       Draw Destruction  |       |       |       |    21 ||    21
       Draw Summoning    |       |       |       |     9 ||     9
Evoke: Wand              |       |     2 |    14 |     5 ||    21
  Use: Potion            |       |     6 |       |     5 ||    11
       Scroll            |       |       |     8 |    15 ||    23
 Stab: Distracted        |       |     1 |     3 |     5 ||     9
       Invisible         |       |     1 |       |       ||     1
       Sleeping          |       |       |    13 |    23 ||    36
Armor: Leather armour    |    27 |     2 |    14 |     4 ||    47
       Skin              |       |     2 |       |       ||     2
       Acid dragon scale |       |       |       |    28 ||    28
       Steam dragon scal |       |       |       |    11 ||    11
Dodge: Dodged            |    83 |    30 |   226 |   226 ||   565
Block: Other             |       |       |     2 |    90 ||    92
       Reflection        |       |       |     1 |     3 ||     4

Table legend: (Time is in decaauts)
 A = Elapsed time spent in this place.
 B = Non-inter-level travel time spent in this place.
 C = Inter-level travel time spent in this place.
 D = Time resting spent in this place.
 E = Time spent auto-exploring this place.
 F = Levels seen in this place.
 G = Mean time per level.
                   A        B        C        D        E       F      G
               +--------+--------+--------+--------+--------+-----+--------+
         Total |  15423 |  14934 |    489 |   2631 |  10024 |  14 | 1101.6 |
       Dungeon |  15048 |  14569 |    479 |   2631 |   9736 |  12 | 1254.0 |
        Temple |    117 |    107 |     10 |      0 |    107 |   1 |  117.0 |
        Bailey |    257 |    257 |      0 |      0 |    181 |   1 |  257.0 |
               +--------+--------+--------+--------+--------+-----+--------+

Top non-repeatable levels by time:
    D:11: 3362 daAuts
     D:8: 1753 daAuts
     D:9: 1318 daAuts
     D:4: 1273 daAuts
     D:5: 1273 daAuts
     D:7: 1248 daAuts
     D:6: 1090 daAuts
    D:10: 1079 daAuts
     D:1: 826 daAuts
     D:3: 804 daAuts
     D:2: 541 daAuts
    D:12: 477 daAuts
  Bailey: 257 daAuts
  Temple: 117 daAuts
